 Dungeon Crawl Stone Soup version 0.29.1-4-g47bece8355 (webtiles) character file.

Game seed: 10996180653670277612

53885 sanboga the Severer (level 14, 0/119 HPs)
             Began as a Minotaur Monk on Dec 2, 2022.
             Was the Champion of Hepliaklqana.
             Slain by a shadow wraith (5 damage)
             ... on level 2 of the Abyss on Dec 3, 2022.
             The game lasted 00:23:31 (19175 turns).

sanboga the Severer (Minotaur Monk)                Turns: 19175, Time: 00:23:32

Health: 0/119      AC: 24    Str: 27    XL:     14   Next: 32%
Magic:  13/13      EV:  8    Int:  7    God:    Hepliaklqana [******]
Gold:   731        SH: 19    Dex: 13    Spells: 13/13 levels left

rFire   . . .      SeeInvis .   i - +1 hand axe (elec)
rCold   . . .      Faith    .   E - +1 kite shield {AC+3}
rNeg    . . .      Spirit   .   F - +0 plate armour
rPois   +          Reflect  +   I - +0 hat "Voinn" {rPois}
rElec   .          Harm     .   A - +0 cloak
rCorr   .          Rampage  .   H - +2 pair of gloves {Stlth+}
Will    +....                   (no boots)
Stlth   ..........              d - amulet of reflection
HPRegen 0.29/turn               y - +6 ring of strength
MPRegen 0.13/turn               B - +4 ring of slaying

@: slowed, very slow
A: reduced essence, horns 2, retaliatory headbutt
a: Renounce Religion, Recall Ancestor, Ancestor Identity, Transference, Idealise


You were on level 2 of the Abyss.
You worshipped Hepliaklqana.
Hepliaklqana was exalted by your worship.
You visited 2 branches of the dungeon, and saw 16 of its levels.
You visited the Abyss 1 time.
You also visited: Gauntlet.

You collected 1095 gold pieces.
You spent 364 gold pieces at shops.

Inventory:

Hand Weapons
 i - a +1 hand axe of electrocution (weapon)
 o - a +0 war axe
Armour
 A - a +0 cloak (worn)
 E - a +1 kite shield of protection (worn)
 F - a +0 plate armour (worn)
 H - a +2 pair of gloves of stealth (worn)
 I - the +0 hat "Voinn" (worn) {rPois}
   (You found it in a Gauntlet)

   rPois:     It protects you from poison.
Jewellery
 d - an amulet of reflection (around neck)
 k - a ring of positive energy
 m - a ring of fire
 x - an amulet of faith
 y - a +6 ring of strength (left hand)
 B - a +4 ring of slaying (right hand)
 J - a ring of ice
Wands
 q - a wand of quicksilver (7)
 t - a wand of mindburst (5)
 v - a wand of iceblast (10)
 G - a wand of paralysis (12)
 N - a wand of polymorph (3)
 O - a wand of flame (13)
Scrolls
 b - 3 scrolls of blinking
 e - a scroll of identify
 f - a scroll of fear
 g - 3 scrolls of enchant armour
 j - 6 scrolls of teleportation
 p - a scroll of enchant weapon
 r - 5 scrolls of fog
Potions
 a - 4 potions of lignification
 c - a potion of ambrosia
 h - 2 potions of flight
 l - a potion of resistance
 n - 6 potions of mutation
 s - 3 potions of heal wounds
 u - 2 potions of might
 w - 7 potions of curing
 z - 2 potions of haste
 K - 3 potions of invisibility


   Skills:
 + Level 14.7 Fighting
 - Level 18.0 Axes
 + Level 14.1 Armour
 - Level 3.2 Dodging
 - Level 1.5 Stealth
 + Level 14.1 Shields


You had 13 spell levels left.
You didn't know any spells.
Your spell library contained the following spells:

 Spells                   Type           Power      Damage    Failure   Level
 Apportation              Tloc           0%         N/A       99%         1
 Magic Dart               Conj           0%         1d3       99%         1
 Sandblast                Erth           0%         2d4       99%         1
 Call Imp                 Summ           0%         N/A       100%        2
 Passwall                 Tmut/Erth      0%         N/A       100%        2
 Frozen Ramparts          Ice            0%         1d1       100%        3
 Mephitic Cloud           Conj/Pois/Air  0%         N/A       100%        3
 Stone Arrow              Conj/Erth      0%         3d7       100%        3
 Animate Armour           Summ/Erth      0%         N/A       100%        4
 Ice Form                 Ice/Tmut       0%         N/A       100%        4
 Petrify                  Tmut/Erth      0%         N/A       100%        4
 Summon Ice Beast         Ice/Summ       0%         N/A       100%        4
 Alistair's Intoxication  Tmut/Pois      0%         N/A       100%        5
 Borgnjor's Vile Clutch   Necr/Erth      0%         N/A       100%        5
 Summon Forest            Summ/Tloc      0%         N/A       100%        5
 Eringya's Noxious Bog    Tmut/Pois      0%         N/A       100%        6
 Statue Form              Tmut/Erth      0%         N/A       100%        6
 Summon Hydra             Summ           0%         N/A       100%        7


Dungeon Overview and Level Annotations

Branches:
Dungeon (15/15)            Temple (1/1) D:5            Lair (0/5) D:9
    Orc (0/2) D:10         Vaults (0/5) D:14         Depths (0/4) D:15
Gauntlet (visited)

Altars:
Ashenzari
Dithmenos
Elyvilon
Fedhas
Gozag
Hepliaklqana
Kikubaaqudgha
Makhleb
Nemelex Xobeh
Okawaru
Qazlal
Ru
Sif Muna
Trog
Uskayaw
Vehumet
Wu Jian
Xom
Yredelemnul
Zin
The Shining One

Shops:
D:2 (   D:9 !   D:11 [

Annotations:
D:15 Louise
Temple 2 transporters


Innate Abilities, Weirdness & Mutations

Your life essence is reduced to manifest your ancestor. (-10% HP)
You have a pair of horns on your head.
You reflexively headbutt those who attack you in melee.


Message History

You hit the lurking horror.
Your body is wracked with pain!
* * * LOW HITPOINT WARNING * * *
You barely miss something. Something hits you!
* * * LOW HITPOINT WARNING * * *
Something drains your vigour!
You feel yourself slow down.
You feel much better. Something completely misses you.
You block something's attack. Something hits you but does no damage.
Something hits you but does no damage.
You block the large abomination's attack.
You slash the large abomination!
The large abomination is moderately damaged.
You closely miss something. Something hits you!
* * * LOW HITPOINT WARNING * * *
Something drains your vigour!
You feel as though you will be slow longer.
The large abomination hits you but does no damage.
You barely miss the large abomination.
The large abomination is moderately damaged.
You hit something. Something hits you but does no damage.
The large abomination hits you.
* * * LOW HITPOINT WARNING * * *
You hit the large abomination but do no damage.
The large abomination is moderately damaged.
You hit something. Something hits you!
* * * LOW HITPOINT WARNING * * *
The large abomination hits you but does no damage.
You hit the large abomination.
Lightning courses through the large abomination!
The large abomination is severely damaged.
You hit something. You block something's attack.
The large abomination hits you!
* * * LOW HITPOINT WARNING * * *
You hit the large abomination.
The large abomination is severely damaged.
You closely miss something. You block something's attack.
You slash the large abomination! You headbutt the large abomination.
You destroy the large abomination!
You hit something. Something hits you but does no damage. Something hits you.
You die...

# # # #. ...#.. ..
. . ##. ..# ...#..#
# . #. #.
.#.#..#... ...
#...# .#..##.......
. . # ##.##.###...
##.##.###...#######
#. .. .#..##....#
#. #......#.....##
......#.#@#.## # #
..#....#.....# # #*
###.##.#... # #..#
#. #..##.. #.## .
.. #.. ##. #.. X ..
.#. .# .


There were no monsters in sight!

Vanquished Creatures
  Roxanne (D:14)
  A minotaur (Gauntlet)
  A hydra (D:13)
  3 boulder beetles
  A death knight (D:13)
  6 two-headed ogres
  An ogre mage (D:15)
  2 tengu warriors (D:15)
  2 centaur warriors
  2 thrashing horrors (Abyss:2)
  9 skeletal warriors
  An obsidian statue (Gauntlet)
  A tengu zombie (D:15)
  A phantasmal warrior (D:15)
  An orc knight (D:15)
  A necromancer (D:15)
  7 ugly things
  An orc sorcerer (D:15)
  3 deep elf pyromancers
  A wolf spider (Gauntlet)
  A fire giant zombie (D:15)
  3 cyclopes
  2 smoke demons (Abyss:2)
  4 gargoyles
  2 large abominations (Abyss:2)
  A yaktaur (D:15)
  A freezing wraith (D:14)
  3 kobold demonologists (D:11)
  2 efreet
  2 tengu conjurers (D:14)
  A guardian mummy (D:15)
  5 trolls
  A spriggan skeleton (D:15)
  10 slime creatures
  A tyrant leech (D:13)
  Sigmund (D:3)
  A spriggan zombie (D:15)
  A wraith (D:14)
  3 shadows
  A centaur simulacrum (D:15)
  A ynoxinul (Abyss:2)
  23 yaks
  A spriggan (shapeshifter) (D:15)
  A wyvern (D:10)
  A human (D:11)
  A steam dragon (D:6)
  A basilisk (D:10)
  3 hogs (D:11)
  6 vampire mosquitoes
  9 redbacks
  Edmund (D:6)
  2 acid dragons
  2 water moccasins
  4 orc warriors
  A black bear (D:6)
  An ogre (D:5)
  5 centaurs
  4 kobold brigands
  A phantom (D:5)
  2 necrophages
  2 gnoll sergeants
  A scorpion (D:7)
  2 small abominations (Abyss:2)
  4 wights (D:8)
  2 killer bees (D:8)
  7 howler monkeys
  A quasit (Abyss:2)
  3 hounds
  9 orc priests
  3 iguanas
  12 orc wizards
  Robin (D:3)
  4 adders
  4 gnolls (D:10)
  A hexer (D:5)
  A white imp (D:6)
  2 ufetubi
  A worm (D:3)
  3 dart slugs
  44 orcs
  2 bats
  11 endoplasms
  2 giant cockroaches (D:2)
  10 goblins
  3 hobgoblins (D:3)
  4 jackals
  9 quokkas
  2 ball pythons
  6 frilled lizards
  29 kobolds
  6 rats
  A lurking horror (Abyss:2)
354 creatures vanquished.

Vanquished Creatures (collateral kills)
  Jorgrun (D:12)
  A boulder beetle (D:15)
  A death knight (D:13)
  A two-headed ogre (D:10)
  A skeletal warrior (D:14)
  A deep elf pyromancer (D:14)
  A moth of wrath (Gauntlet)
  A cyclops (D:15)
  3 ugly things
  Maggie (D:9)
  2 yaktaurs (D:15)
  A troll (D:12)
  3 yaks
  A hog (D:11)
  A steam dragon (D:8)
  A basilisk (D:15)
  A redback (Gauntlet)
  A vampire mosquito (D:13)
  An ice beast (D:8)
  2 orc warriors
  A kobold brigand (D:8)
  A necrophage (D:7)
  A killer bee (D:8)
  An orc priest (D:8)
  An iguana (D:7)
  2 orc wizards
  3 gnolls (D:7)
  An adder (D:6)
  An ufetubus (D:6)
  8 orcs
  2 frilled lizards (D:6)
  7 kobolds
55 creatures vanquished.

Vanquished Creatures (others)
  A wizard (D:10)
  An ugly thing (D:15)
  15 hexers
  5 plants (D:6)
  2 withered plants (D:15)
24 creatures vanquished.

Grand Total: 433 creatures vanquished

Notes
Turn   | Place    | Note
-------+----------+-------------------------------------------
     0 | D:1      | sanboga the Minotaur Monk began the quest for the Orb.
     0 | D:1      | Reached XP level 1. HP: 19/19 MP: 0/0
   348 | D:1      | Reached skill level 4 in Axes
   528 | D:1      | Reached XP level 2. HP: 21/27 MP: 1/1
   901 | D:2      | Reached skill level 1 in Armour
  1121 | D:2      | Found Faiciur's Antique Weapon Shop.
  1236 | D:2      | Reached XP level 3. HP: 30/33 MP: 2/2
  1241 | D:2      | Reached skill level 1 in Shields
  1809 | D:3      | Reached XP level 4. HP: 36/40 MP: 3/3
  1984 | D:2      | Bought a runed hand axe for 156 gold pieces
  2286 | D:3      | Noticed Robin
  2303 | D:3      | Reached skill level 5 in Axes
  2306 | D:3      | Killed Robin
  2485 | D:3      | Reached XP level 5. HP: 26/47 MP: 4/4
  2994 | D:3      | Noticed Sigmund
  3010 | D:3      | Killed Sigmund
  3011 | D:3      | Reached skill level 5 in Fighting
  3011 | D:3      | Reached skill level 6 in Axes
  3011 | D:3      | Reached XP level 6. HP: 33/56 MP: 5/5
  3299 | D:3      | Found a faded altar of an unknown god.
  3931 | D:4      | Reached XP level 7. HP: 53/61 MP: 6/6
  4192 | D:4      | Found a glowing golden altar of the Shining One.
  4438 | D:4      | Found a shimmering blue altar of Sif Muna.
  4438 | D:4      | Found a burning altar of Makhleb.
  4601 | D:5      | Entered Level 5 of the Dungeon
  4628 | D:5      | Found a staircase to the Ecumenical Temple.
  4641 | D:5      | Reached skill level 7 in Axes
  4650 | Temple   | Entered the Ecumenical Temple
  4650 | Temple   | Found a transporter.
  4650 | Temple   | Found a transporter.
  4652 | Temple   | Found a transporter.
  4652 | Temple   | Found a transporter.
  4685 | Temple   | Became a worshipper of Hepliaklqana the Forgotten
  4685 | Temple   | Reached * piety under Hepliaklqana
  4685 | Temple   | Reached ** piety under Hepliaklqana
  4686 | Temple   | Remembered your ancestor Brad Morson as a hexer
  5365 | D:6      | Noticed Edmund
  5377 | D:6      | Killed Edmund
  5486 | D:6      | Reached skill level 8 in Axes
  5486 | D:6      | Reached XP level 8. HP: 63/63 MP: 7/7
  5505 | D:6      | Identified the +11 falchion of Utheh {flame, Fly Int-5 SInv
                  | Stlth-}
  5643 | D:5      | Reached skill level 5 in Armour
  5654 | D:5      | Reached skill level 5 in Shields
  6181 | D:7      | Reached skill level 9 in Axes
  6185 | D:7      | Reached *** piety under Hepliaklqana
  6333 | D:7      | Reached XP level 9. HP: 49/71 MP: 8/8
  7451 | D:8      | Noticed a troll
  7459 | D:8      | Killed a troll
  7460 | D:8      | Reached skill level 10 in Axes
  7770 | D:8      | Reached skill level 11 in Axes
  7815 | D:8      | Reached XP level 10. HP: 53/81 MP: 9/9
  8126 | D:8      | Reached **** piety under Hepliaklqana
  8344 | D:9      | Noticed Maggie
  8354 | D:9      | Killed Maggie
  8355 | D:9      | Reached skill level 12 in Axes
  8849 | D:9      | Found Synaiw's Distillery.
  8855 | D:9      | Bought a potion of invisibility for 104 gold pieces
  8855 | D:9      | Bought a potion of curing for 39 gold pieces
  8855 | D:9      | Bought a potion of heal wounds for 65 gold pieces
  8910 | D:9      | Found the +2 ratskin cloak {*Rats rPois rN+ Str-1 Int-1
                  | Dex+1}
  9109 | D:9      | Found a transporter.
  9133 | D:9      | Found a staircase to the Lair.
  9142 | D:9      | Found a transporter.
  9541 | D:10     | Entered Level 10 of the Dungeon
  9556 | D:10     | Noticed a two-headed ogre
  9562 | D:10     | Killed a two-headed ogre
  9563 | D:10     | Reached skill level 13 in Axes
  9761 | D:10     | Found a staircase to the Orcish Mines.
  9905 | D:10     | Noticed a purple ugly thing
  9914 | D:10     | Killed a purple ugly thing
  9960 | D:10     | Reached XP level 11. HP: 84/89 MP: 10/10
  9985 | D:10     | Noticed a centaur warrior
 10000 | D:10     | Reached skill level 10 in Fighting
 10006 | D:10     | Killed a centaur warrior
 10012 | D:10     | Identified the +6 spear "Coruol" {flame, rPois rC+ rN++
                  | Dex+2}
 10012 | D:10     | Noticed a deep elf pyromancer
 10024 | D:10     | Killed a deep elf pyromancer
 10138 | D:10     | Reached ***** piety under Hepliaklqana
 10465 | D:10     | Noticed a wizard
 10466 | D:10     | Noticed a deep elf pyromancer
 10467 | D:10     | Noticed a cyan ugly thing
 10475 | D:10     | Killed a wizard
 10477 | D:10     | Reached skill level 14 in Axes
 10485 | D:10     | Killed a cyan ugly thing
 10495 | D:10     | Killed a deep elf pyromancer
 10512 | D:10     | Identified the +0 leather armour of Yjuy {Int+7}
 10767 | D:11     | Reached skill level 10 in Armour
 10925 | D:11     | Reached skill level 10 in Shields
 10929 | D:11     | Noticed a boulder beetle
 10941 | D:11     | Killed a boulder beetle
 11172 | D:11     | Found Duwn's Armour Shoppe.
 11349 | D:11     | Noticed a two-headed ogre
 11356 | D:11     | Killed a two-headed ogre
 11357 | D:11     | Reached skill level 15 in Axes
 11866 | D:11     | Reached XP level 12. HP: 99/99 MP: 11/11
 12145 | D:12     | Noticed a two-headed ogre
 12159 | D:12     | Killed a two-headed ogre
 12777 | D:12     | Noticed Jorgrun
 12790 | D:12     | Killed Jorgrun
 12791 | D:12     | Reached skill level 16 in Axes
 12994 | D:13     | Noticed a four-headed hydra
 13008 | D:13     | Killed a nine-headed hydra
 13033 | D:13     | Noticed a five-headed hydra
 13273 | D:13     | Found a gate leading to a gauntlet.
 13282 | Gauntlet | Entered a Gauntlet
 13282 | Gauntlet | Found a transporter.
 13285 | Gauntlet | Found a transporter.
 13292 | Gauntlet | Found a transporter.
 13292 | Gauntlet | Found a transporter.
 13293 | Gauntlet | Found a transporter.
 13295 | Gauntlet | Found a transporter.
 13300 | Gauntlet | Noticed a death yak
 13301 | Gauntlet | Noticed a death yak
 13305 | Gauntlet | Noticed a death yak
 13308 | Gauntlet | Found a transporter.
 13309 | Gauntlet | Found a transporter.
 13328 | Gauntlet | Found a transporter.
 13347 | Gauntlet | Found a transporter.
 13351 | Gauntlet | Found a transporter.
 13355 | Gauntlet | Found a runed translucent door.
 13355 | Gauntlet | Found a runed translucent door.
 13359 | Gauntlet | Found a transporter.
 13520 | Gauntlet | Identified the +0 hat "Voinn" {rPois}
 13558 | Gauntlet | Identified the +1 cloak "Cunnas" {Fly rC- Str+4 Int+3}
 13604 | Gauntlet | Noticed a minotaur
 13624 | Gauntlet | Killed a minotaur
 13634 | D:13     | a five-headed hydra changed into a tyrant leech
 13873 | D:13     | Noticed a two-headed ogre
 13881 | D:13     | Killed a two-headed ogre
 14324 | D:14     | Noticed a boulder beetle
 14335 | D:14     | Noticed a boulder beetle
 14343 | D:13     | Reached XP level 13. HP: 59/107 MP: 12/12
 14565 | D:13     | Reached skill level 17 in Axes
 14754 | D:14     | Identified Roxanne's Papyrus of the Quarry
 14754 | D:14     | Noticed Roxanne
 14769 | D:14     | HP: 2/107 [Roxanne/crystal spear (59)]
 16544 | D:14     | HP: 3/107 [skeletal warrior/+0 battleaxe of freezing (3)]
 16855 | D:14     | Found a gate to the Vaults.
 17033 | D:14     | Reached skill level 18 in Axes
 17311 | D:14     | Found a blossoming altar of Fedhas.
 17595 | D:14     | Killed Roxanne
 17795 | D:15     | Entered Level 15 of the Dungeon
 18261 | D:15     | Found a staircase to the Depths.
 18271 | D:15     | Reached XP level 14. HP: 118/118 MP: 13/13
 18413 | D:15     | Reached ****** piety under Hepliaklqana
 18793 | D:15     | Noticed Louise
 18807 | Abyss:2  | Cast into level 2 of the Abyss (Louise)
 19172 | Abyss:2  | HP: 4/119 [large abomination (11)]
 19175 | Abyss:2  | Slain by a shadow wraith

Illustrated notes

Levels and vault maps discovered:
D:1:      psy_arrival_fountain, layout_loops_ring
D:2:      layout_basic, serial_shops, shop, st_stairs_7,
          kennysheep_generic_room_15
D:3:      layout_basic, shapermc_ecumenical_altar_mp_vishouse,
          roderic_lattice_a, chequers_jeans, uniq_robin, uniq_sigmund
D:4:      layout_loops_corners, mainiacjoe_overflow_concentric_impassable,
          gammafunk_temple_overflow_pools
D:5:      layout_basic, minmay_temple_entry_glass, grunt_decor_mini_mirrors
D:6:      layout_cave_pools, minmay_lizard_king, uniq_edmund
D:7:      layout_cave_pods, hangedman_decor_riveting
D:8:      layout_gridville, kennysheep_cross_room
D:9:      layout_basic, lair_entry_dummy, serial_shops, shop,
          dreamdust_wishing_well, nicolae_diode_stairs, uniq_maggie
D:10:     minmay_the_grid_triangle_9x9_rhombus_thin
          [minmay_the_grid_triangle_9x9_limited_checkers,
          minmay_the_grid_triangle_9x9_prize_center,
          minmay_the_grid_triangle_9x9_alien,
          minmay_the_grid_triangle_9x9_sprig], layout_loops_ring,
          hiddenorc1_lemuel
D:11:     layout_long_grid, serial_shops, nicolae_shop_trees,
          nrook_loot_triangle, grunt_livestock
D:12:     layout_basic, drop_trap, uniq_jorgrun
D:13:     layout_long_grid, gauntlet_entry_generic
D:14:     layout_rooms, david_vaults_1, fedhas_altar_1, nicolae_wand_duel,
          hangedman_decor_slide_cut, uniq_roxanne
D:15:     gammafunk_depths_entry_grave, layout_layer_cave,
          serial_park_tiny_pond, uniq_louise
Temple:   hellmonk_temple_divided_pantheon
Abyss:2:  base: D:10, evilmike_abyss_exit_3

Skill      XL: |  1  2  3  4  5  6  7  8  9 10 11 12 13 14 |
---------------+-------------------------------------------+-----
Axes           | 4 5 6 8 9 11 13 15 16 18 | 18.0
Armour         | 1 2 3 4 6 7 9 10 11 13 14 | 14.1
Fighting       | 4 5 6 7 8 9 11 12 14 | 14.7
Shields        | 1 2 3 4 6 7 9 10 11 13 14 | 14.1
Dodging        | |  3.2
Stealth        | |  1.5

Action                   |  1- 3 |  4- 6 |  7- 9 | 10-12 | 13-15 || total
-------------------------+-------+-------+-------+-------+-------++-------
Melee: Hand axe          |    87 |   102 |   184 |   415 |   379 ||  1167
       Headbutt          |    11 |    21 |    39 |    97 |   119 ||   287
Invok: Ancestor Identity |       |       |     2 |       |       ||     2
       Ancestor Life: He |       |       |     1 |       |       ||     1
       Recall Ancestor   |       |       |       |     2 |     3 ||     5
Evoke: Wand              |       |       |       |     1 |       ||     1
  Use: Scroll            |     2 |     2 |     5 |    13 |     1 ||    23
       Potion            |       |       |       |     3 |     4 ||     7
 Stab: Sleeping          |     4 |       |       |       |       ||     4
       Confused          |       |       |     8 |     7 |     8 ||    23
       Distracted        |       |       |     3 |     5 |    10 ||    18
       Invisible         |       |       |       |     7 |       ||     7
Armor: Robe              |     4 |       |       |       |       ||     4
       Scale mail        |    25 |    35 |    30 |       |       ||    90
       Plate armour      |       |       |    18 |    97 |    92 ||   207
       Skin              |       |       |       |       |     5 ||     5
Dodge: Dodged            |    32 |    15 |    36 |    56 |    49 ||   188
Block: Kite shield       |    44 |    71 |   123 |   216 |   224 ||   678
       Reflection        |     3 |     1 |     8 |    13 |     8 ||    33
